cohdb
Replays
Latest Replays
All Replays
Popular Replays
Top Player Replays
Match Explorer
How It Works
Community
CoH3 Stats
Reddit
Sign in to upload your games and track your stats! →
Sign in with Steam
Match 46790988
Unlisted
Match 46790988
Overview
Messages
Build Orders
End
Kradschützen Motorcycle Team
Selects Italian Combined Arms Battlegroup
Selects Bersaglieri Squad
Bersaglieri Squad
Bersaglieri Squad
Construct Light Support Kompanie
Fire Support Elements
Panzerjäger Squad
le.IG 18 Mechanized Group
Flakvierling Half-track
Combat Half-tracks
Pak 38 Anti-tank Gun Team
Selects Semovente da 75/18 Assault Gun
MG34 Team
Selects Strafing Run
Strafing Run
Construct Panzerarmee Kommand
Strafing Run
Selects Artillery Cover
Bersaglieri Squad
Walking Stuka Rocket Launcher
Strafing Run
Bersaglieri Squad
Strafing Run
Selects Bersaglieri Bolster
Panzerjäger Squad
Selects Breda Model 30 Light Machine Guns
Strafing Run
Flak 36 Anti-tank Gun Team
Strafing Run
Armored Reserves
JD89
General_Watcher
comfo
Nukepapa
Venger
RNG
0
0
Comments
sign in to comment!
No comments posted yet!